% Time on Ice - OKANAGAN RATTLESNAKES
Lines # - Real PCT - Wanted PCT - Time Play
Normal Forward
1 - 36% - 36% - 17:59
2 - 30% - 31% - 15:00
3 - 20% - 23% - 10:10
4 - 15% - 10% - 7:22
Normal Defense
1 - 36% - 36% - 17:59
2 - 32% - 31% - 15:56
3 - 27% - 23% - 13:45
4 - 6% - 10% - 2:51
PP Forward
1 - 43% - 55% - 2:20
2 - 57% - 45% - 3:03
PP Defense
1 - 41% - 55% - 2:14
2 - 59% - 45% - 3:09
PK Forward
1 - 65% - 55% - 2:34
2 - 35% - 45% - 1:24
PK Defense
1 - 65% - 55% - 2:35
2 - 35% - 45% - 1:23
PK3 Forward
1 - 0% - 55%
2 - 0% - 45%
PK3 Defense
1 - 0% - 55%
2 - 0% - 45%
44 Forward
1 - 0% - 55%
2 - 0% - 45%
44 Defense
1 - 0% - 55%
2 - 0% - 45%
Last Minute Offensive  - 0:00
Last Minute Defensive  - 0:08
Total
Forward - 60:00
Defense - 60:00
% Time on Ice - ANAHEIM OUTLAWS
Lines # - Real PCT - Wanted PCT - Time Play
Normal Forward
1 - 36% - 36% - 18:00
2 - 31% - 31% - 15:28
3 - 23% - 23% - 11:33
4 - 11% - 10% - 5:30
Normal Defense
1 - 35% - 36% - 17:40
2 - 29% - 31% - 14:40
3 - 29% - 23% - 14:34
4 - 7% - 10% - 3:37
PP Forward
1 - 48% - 55% - 1:55
2 - 52% - 45% - 2:03
PP Defense
1 - 40% - 55% - 1:36
2 - 60% - 45% - 2:22
PK Forward
1 - 59% - 55% - 3:11
2 - 41% - 45% - 2:12
PK Defense
1 - 72% - 55% - 3:51
2 - 28% - 45% - 1:32
PK3 Forward
1 - 0% - 55%
2 - 0% - 45%
PK3 Defense
1 - 0% - 55%
2 - 0% - 45%
44 Forward
1 - 0% - 55%
2 - 0% - 45%
44 Defense
1 - 0% - 55%
2 - 0% - 45%
Last Minute Offensive  - 0:08
Last Minute Defensive  - 0:00
Total
Forward - 60:00
Defense - 60:00
Play-by-Play 1st period 0:01 of 1st period - Lars Eller wins face-off versus Evgeny Kuznetsov in neutral zone. 0:35 of 1st period - Shot by T.J. Oshie. 0:35 of 1st period - Shot Misses the Net. 1:12 of 1st period - Shot by Mike Hoffman. 1:12 of 1st period - Deflect By Jordan Eberle. 1:12 of 1st period - Stopped by Robin Lehner without a rebound. 1:13 of 1st period - Oskar Sundqvist wins face-off versus Pius Suter in ANAHEIM OUTLAWS zone. 1:13 of 1st period - Darren Helm is hit by Thomas Hickey and loses puck. 1:17 of 1st period - Icing by Dylan Coghlan. 1:18 of 1st period - Pius Suter wins face-off versus Oskar Sundqvist in ANAHEIM OUTLAWS zone. 1:28 of 1st period - Off-side. 1:29 of 1st period - Michael Rasmussen wins face-off versus Alexander Wennberg in neutral zone. 1:35 of 1st period - Icing by Vince Dunn. 1:36 of 1st period - Sam Bennett wins face-off versus Alexander Wennberg in OKANAGAN RATTLESNAKES zone. 1:56 of 1st period - Off-side. 1:57 of 1st period - Luke Kunin wins face-off versus Pius Suter in neutral zone. 2:19 of 1st period - Shot by Ryan Reaves. 2:19 of 1st period - Shot Misses the Net. 2:29 of 1st period - Shot by Pius Suter. 2:29 of 1st period - Stopped by Ville Husso without a rebound. 2:30 of 1st period - Oskar Sundqvist wins face-off versus Michael Rasmussen in OKANAGAN RATTLESNAKES zone. 3:28 of 1st period - Icing by Sam Bennett. 3:29 of 1st period - Sam Bennett wins face-off versus Alexander Wennberg in ANAHEIM OUTLAWS zone. 5:13 of 1st period - Shot by Ryan Reaves. 5:13 of 1st period - Shot Misses the Net. 5:26 of 1st period - Evgeny Kuznetsov is hit by Ryan Reaves and loses puck. 6:02 of 1st period - Shot by Jordan Eberle. 6:02 of 1st period - Stopped by Robin Lehner without a rebound. 6:03 of 1st period - Pius Suter wins face-off versus Oskar Sundqvist in ANAHEIM OUTLAWS zone. 6:10 of 1st period - Shot by Pierre Engvall. 6:10 of 1st period - Shot Misses the Net. 6:12 of 1st period - Shot by Noah Hanifin. 6:12 of 1st period - Shot Misses the Net. 6:28 of 1st period - Shot by Pierre Engvall. 6:28 of 1st period - Shot Misses the Net. 7:15 of 1st period - T.J. Oshie is hit by Sam Bennett and loses puck. 7:28 of 1st period - Shot by T.J. Oshie. 7:28 of 1st period - Stopped by Robin Lehner without a rebound. 7:29 of 1st period - Alexander Wennberg wins face-off versus Michael Rasmussen in ANAHEIM OUTLAWS zone. 7:29 of 1st period - Minor Penalty to Haydn Fleury for Goalie Interference. 7:30 of 1st period - Alexander Wennberg wins face-off versus Jeff Skinner in ANAHEIM OUTLAWS zone. 7:49 of 1st period - Shot by Jordan Eberle. 7:49 of 1st period - Deflect By Mike Hoffman. 7:49 of 1st period - Stopped by Robin Lehner without a rebound. 7:50 of 1st period - Jeff Skinner wins face-off versus T.J. Oshie in ANAHEIM OUTLAWS zone. 8:24 of 1st period - Shot by Oskar Sundqvist. 8:24 of 1st period - Shot Blocked by Dylan Coghlan. 8:52 of 1st period - Shot by Justin Faulk. 8:52 of 1st period - Shot Misses the Net. 8:54 of 1st period - Shot by Travis Dermott. 8:54 of 1st period - Goal by Travis Dermott - OKANAGAN RATTLESNAKES : 1 - ANAHEIM OUTLAWS : 0. 8:55 of 1st period - Pius Suter wins face-off versus Luke Kunin in neutral zone. 9:47 of 1st period - Shot by Mike Hoffman. 9:47 of 1st period - Stopped by Robin Lehner without a rebound. 9:48 of 1st period - Lars Eller wins face-off versus Sam Bennett in ANAHEIM OUTLAWS zone. 10:00 of 1st period - Shot by Sam Bennett. 10:00 of 1st period - Stopped by Ville Husso without a rebound. 10:01 of 1st period - Evgeny Kuznetsov wins face-off versus Alexander Wennberg in OKANAGAN RATTLESNAKES zone. 10:52 of 1st period - Sam Bennett is hit by Jordan Eberle and loses puck. 12:14 of 1st period - Shot by Colin White. 12:14 of 1st period - Deflect By Oskar Sundqvist. 12:14 of 1st period - Stopped by Robin Lehner without a rebound. 12:15 of 1st period - Evgeny Kuznetsov wins face-off versus Luke Kunin in ANAHEIM OUTLAWS zone. 13:06 of 1st period - Shot by Justin Faulk. 13:06 of 1st period - Stopped by Robin Lehner without a rebound. 13:07 of 1st period - Lars Eller wins face-off versus Pierre Engvall in ANAHEIM OUTLAWS zone. 13:36 of 1st period - Dylan Coghlan is hit by T.J. Oshie and loses puck. 13:44 of 1st period - Off-side. 13:45 of 1st period - Sam Bennett wins face-off versus Alexander Wennberg in neutral zone. 14:42 of 1st period - Colin White is hit by Haydn Fleury and loses puck. 15:10 of 1st period - Shot by Colin White. 15:10 of 1st period - Shot Blocked by Sam Bennett. 15:17 of 1st period - Icing by Haydn Fleury. 15:18 of 1st period - Anders Lee wins face-off versus Sam Bennett in ANAHEIM OUTLAWS zone. 16:13 of 1st period - Shot by Kevin Fiala. 16:13 of 1st period - Shot Blocked by Mike Hoffman. 16:15 of 1st period - Shot by Adrian Kempe. 16:15 of 1st period - Goal by Adrian Kempe - OKANAGAN RATTLESNAKES : 1 - ANAHEIM OUTLAWS : 1. 16:16 of 1st period - Luke Kunin wins face-off versus Adrian Kempe in neutral zone. 16:49 of 1st period - Shot by Kevin Fiala. 16:49 of 1st period - Stopped by Ville Husso without a rebound. 16:50 of 1st period - Lars Eller wins face-off versus Pius Suter in OKANAGAN RATTLESNAKES zone. 16:50 of 1st period - Lars Eller is hit by Dylan Coghlan. 17:03 of 1st period - Shot by T.J. Oshie. 17:03 of 1st period - Deflect By Lars